 Dungeon Crawl Stone Soup version 0.23-a0-577-g2b1de94 (webtiles) character file.

675669 AverageBear the Invulnerable (level 27, -6/241 HPs)
             Began as a Deep Dwarf Fighter on Dec 15, 2018.
             Was the Champion of Makhleb.
             Mangled by Ticyijuh the pandemonium lord (16 damage)
             ... on level 10 of a ziggurat.
             The game lasted 02:26:05 (56592 turns).

AverageBear the Invulnerable (Deep Dwarf Fighter)  Turns: 56592, Time: 02:26:06

Health: -6/241     AC: 56    Str: 39    XL:     27
Magic:  12/12      EV: 28    Int: 11    God:    Makhleb [******]
Gold:   9371       SH: 12    Dex: 20    Spells: 26/38 levels left

rFire    + . .     SeeInvis .   e - +9 war axe (vamp)
rCold    + + .     Gourm    .   m - +0 buckler of the Sneaky Allies {rC+ MR++}
rNeg     + . .     Faith    .   K - +10 gold dragon scales
rPois    +         Spirit   .   b - +0 helmet of Follow the Leader {rElec MR+}
rElec    +         Reflect  +   X - +2 cloak {MR+}
rCorr    .         Harm     .   J - +3 pair of gauntlets of War {Slay+5}
MR       +++++     Rnd*Tele +   R - +2 pair of boots {Fly}
Stlth    ..........             n - +2 amulet of reflection
HPRegen  0.00/turn              g - ring "Tiena" {Str+4 Dex+5}
MPRegen  0.13/turn              E - +5 ring of slaying

@: mighty, flying, non-regenerating
A: damage resistance, heal wounds, icy blue scales 1, molten scales 1, clever 1,
negative energy resistance 1, sense surroundings 3, screaming 1, teleportitis 1,
wild magic 2, no regeneration
}: 4/15 runes: decaying, silver, abyssal, gossamer
a: Heal Wounds, Minor Destruction, Lesser Servant of Makhleb, Major Destruction,
Greater Servant of Makhleb, Renounce Religion, Stop Flying


You were on level 10 of a ziggurat.
You worshipped Makhleb.
Makhleb was exalted by your worship.
You were full.

You visited 11 branches of the dungeon, and saw 51 of its levels.
You visited the Abyss 3 times.
You visited 1 ziggurat, and saw 10 of its levels.

You collected 10425 gold pieces.
You spent 1054 gold pieces at shops.

Inventory:

Hand Weapons
 e - a +9 vampiric war axe (weapon)
Armour
 b - the +0 helmet of Follow the Leader (worn) {rElec MR+}
   (You acquired it on level 3 of the Elven Halls)

   It insulates you from electricity.
   It affects your resistance to hostile enchantments.
 m - the +0 buckler of the Sneaky Allies (worn) {rC+ MR++}
   (You found it on level 5 of the Lair of Beasts)

   It protects you from cold.
   It affects your resistance to hostile enchantments.
 J - the +3 pair of gauntlets of War (worn) {Slay+5}
   (You found it on level 3 of the Lair of Beasts)

   It affects your accuracy and damage with ranged weapons and melee attacks
   (+5).
 K - +10 gold dragon scales (worn)
 R - a +2 pair of boots of flying (worn)
 X - a +2 cloak of magic resistance (worn)
Jewellery
 g - the ring "Tiena" (left hand) {Str+4 Dex+5}
   (You took it off a deep elf elementalist on level 3 of the Elven Halls)

   [ring of strength]

   It affects your strength (+4).
   It affects your dexterity (+5).
 n - a +2 amulet of reflection (around neck)
 E - a +5 ring of slaying (right hand)
 N - the ring of Irajegh {rCorr +Fly}
   (You found it on level 9 of a ziggurat)

   [ring of resist corrosion]

   It lets you fly.
Wands
 x - a wand of acid (26)
 I - a wand of iceblast (66)
 L - a wand of random effects (78)
 U - a wand of scattershot (9)
 Y - a wand of disintegration (37)
Scrolls
 a - 3 scrolls of enchant weapon
 c - 4 scrolls of silence
 h - 11 scrolls of fear
 k - 28 scrolls of remove curse
 q - 19 scrolls of teleportation
 r - 7 scrolls of blinking
 s - 2 scrolls of holy word
 t - 7 scrolls of immolation
 u - 2 scrolls of amnesia
 w - 11 scrolls of fog
 A - 2 scrolls of summoning
 C - 3 scrolls of identify
 H - 6 scrolls of magic mapping
 W - 3 scrolls of vulnerability
Potions
 i - 4 potions of cancellation
 j - 5 potions of brilliance
 l - 12 potions of curing
 y - 6 potions of ambrosia
 z - 10 potions of heal wounds
 F - 2 potions of might
 G - 2 potions of haste
 O - 2 potions of berserk rage
 P - 4 potions of agility
 Q - 8 potions of mutation
 S - a potion of invisibility
 T - 2 potions of magic
Miscellaneous
 o - a sack of spiders
 p - a phantom mirror
 v - a lightning rod (4/4)
 B - a lamp of fire
 D - a phial of floods
 M - a fan of gales
 Z - 4 boxes of beasts
Comestibles
 d - 10 chunks of flesh
 f - 83 rations


   Skills:
 - Level 13.1 Fighting
 - Level 18.1 Axes
 O Level 27 Armour
 O Level 27 Dodging
 - Level 12.3 Stealth
 + Level 19.9 Shields
 - Level 6.1 Spellcasting
 - Level 18.5 Earth Magic
 - Level 9.5 Invocations
 - Level 11.0 Evocations


You had 26 spell levels left.
You knew the following spells:

 Your Spells              Type           Power        Failure   Level  Hunger
a - Confuse               Hex            #.......     97%         3    ###....
b - Borgnjor's Vile Clut  Necr/Erth      #####.....   58%         5    ######.
c - Leda's Liquefaction   Hex/Erth       #####.....   30%         4    ####...

Your spell library contained the following spells:

 Spells                   Type           Power        Failure   Level  Hunger
 Lee's Rapid Deconstruct  Erth           ######....   4%          5    ######.
 Passwall                 Tmut/Erth      #####...     7%          2    ##.....
 Petrify                  Tmut/Erth      #####...     30%         4    ####...
 Animate Skeleton         Necr           N/A          73%         1    None
 Apportation              Tloc           #.....       73%         1    None
 Beastly Appendage        Tmut           #.....       73%         1    None
 Confusing Touch          Hex            #.....       73%         1    None
 Corona                   Hex            #......      73%         1    None
 Flame Tongue             Conj/Fire      #....        73%         1    None
 Freeze                   Ice            #...         73%         1    None
 Magic Dart               Conj           #...         73%         1    None
 Pain                     Necr           #...         73%         1    None
 Shock                    Conj/Air       #...         73%         1    None
 Sting                    Conj/Pois      #...         73%         1    None
 Summon Butterflies       Summ           #.......     73%         1    None
 Summon Small Mammal      Summ           #...         73%         1    None
 Blink                    Tloc           N/A          85%         2    ##.....
 Call Imp                 Summ           #.......     85%         2    ##.....
 Ensorcelled Hibernation  Hex/Ice        #.....       85%         2    ##.....
 Poisonous Vapours        Pois/Air       #.....       85%         2    ##.....
 Slow                     Hex            #.......     85%         2    ##.....
 Sticks to Snakes         Tmut           #.......     85%         2    ##.....
 Swiftness                Chrm/Air       #.......     85%         2    ##.....
 Throw Flame              Conj/Fire      #.....       85%         2    ##.....
 Bolt of Magma            Conj/Fire/Erth ####......   92%         5    ######.
 Call Canine Familiar     Summ           #.......     97%         3    ###....
 Conjure Flame            Conj/Fire      #.......     97%         3    ###....
 Gell's Gravitas          Tloc           #.........   97%         3    ###....
 Ignite Poison            Fire/Tmut/Pois #.......     97%         3    ###....
 Inner Flame              Hex/Fire       #.......     97%         3    ###....
 Mephitic Cloud           Conj/Pois/Air  #.......     97%         3    ###....
 Ozocubu's Armour         Chrm/Ice       #.......     97%         3    ###....
 Portal Projectile        Hex/Tloc       #.....       97%         3    ###....
 Recall                   Summ/Tloc      N/A          97%         3    ###....
 Spider Form              Tmut/Pois      #.........   97%         3    ###....
 Static Discharge         Conj/Air       #.......     97%         3    ###....
 Summon Guardian Golem    Hex/Summ       #.......     97%         3    ###....
 Iron Shot                Conj/Erth      #####.....   98%         6    #######
 Statue Form              Tmut/Erth      #####....    98%         6    #######
 Airstrike                Air            #.........   100%        4    ####...
 Cause Fear               Hex            #.........   100%        4    ####...
 Ice Form                 Ice/Tmut       #.......     100%        4    ####...
 Olgreb's Toxic Radiance  Pois           #.......     100%        4    ####...
 Passage of Golubria      Tloc           N/A          100%        4    ####...
 Sticky Flame             Conj/Fire      #.......     100%        4    ####...
 Summon Ice Beast         Ice/Summ       #.......     100%        4    ####...
 Summon Lightning Spire   Summ/Air       #.......     100%        4    ####...
 Aura of Abjuration       Summ           #.........   100%        5    ######.
 Blade Hands              Tmut           #.........   100%        5    ######.
 Excruciating Wounds      Chrm/Necr      #.........   100%        5    ######.
 Fireball                 Conj/Fire      #.........   100%        5    ######.
 Lightning Bolt           Conj/Air       #.........   100%        5    ######.
 Metabolic Englaciation   Hex/Ice        #.........   100%        5    ######.
 Silence                  Hex/Air        #.........   100%        5    ######.
 Summon Demon             Summ           #.........   100%        5    ######.
 Summon Forest            Summ/Tloc      #.........   100%        5    ######.
 Summon Mana Viper        Hex/Summ       #.......     100%        5    ######.
 Venom Bolt               Conj/Pois      #.........   100%        5    ######.
 Yara's Violent Unravell  Hex/Tmut       #.........   100%        5    ######.
 Bolt of Fire             Conj/Fire      #.........   100%        6    #######
 Darkness                 Hex            #.........   100%        6    #######
 Freezing Cloud           Conj/Ice/Air   #.........   100%        6    #######
 Invisibility             Hex            #.......     100%        6    #######
 Poison Arrow             Conj/Pois      #.........   100%        6    #######
 Shadow Creatures         Summ           N/A          100%        6    #######
 Malign Gateway           Summ/Tloc      #.........   100%        7    #######
 Ring of Flames           Chrm/Fire      #.........   100%        7    #######
 Summon Hydra             Summ           #.........   100%        7    #######
 Chain Lightning          Conj/Air       #.........   100%        8    #######
 Ignition                 Fire           #.........   100%        8    #######
 Lehudib's Crystal Spear  Conj/Erth      #####.....   100%        8    #######
 Dragon's Call            Summ           #.........   100%        9    #######
 Fire Storm               Conj/Fire      #.........   100%        9    #######
 Glaciate                 Conj/Ice       #.........   100%        9    #######
 Shatter                  Erth           ######....   100%        9    #######
 Tornado                  Air            #.........   100%        9    #######
 Regeneration             Chrm/Necr      Unusable     N/A         3    N/A

Dungeon Overview and Level Annotations

Branches:
Dungeon (15/15)            Temple (1/1) D:6            Lair (6/6) D:10
  Swamp (4/4) Lair:2       Spider (4/4) Lair:3        Slime (0/5) Lair:5
    Orc (2/2) D:11            Elf (3/3) Orc:2        Vaults (5/5) D:14
  Crypt (3/3) Vaults:2       Tomb (0/3) Crypt:3      Depths (5/5) D:15
    Zot (3/5) Depths:5

Altars:
Ashenzari
Cheibriados
Dithmenos
Elyvilon
Fedhas
Gozag
Hepliaklqana
Kikubaaqudgha
Makhleb
Nemelex Xobeh
Okawaru
Qazlal
Ru
Sif Muna
Trog
Uskayaw
Vehumet
Wu Jian
Xom
Yredelemnul
Zin
The Shining One
Beogh
Jiyva
Lugonu

Shops:
D:6 [   D:7 [   D:12 (   D:13 (   Orc:2 ?(?(:   Elf:1 *!(   Vaults:1 *
Vaults:3 *   Vaults:4 (   Vaults:5 %   Depths:4 %

Portals:
Hell: Lair:6 Depths:1 Depths:2 Depths:3 Depths:4 Depths:5
Abyss: Depths:3 Depths:4
Pandemonium: Depths:3

Annotations:
Swamp:1 1 runed door, Ona Hiyk's ghost, journeyman MiBe
Zig:10 exclusion: ice statue


Innate Abilities, Weirdness & Mutations

You are resistant to damage.
You can heal yourself by infusing magical energy.
You resist negative energy. (rN+)
You passively map a large area around you.
You do not regenerate.
You are partially covered in icy blue scales. (AC +2)
You are partially covered in molten scales. (AC +2)
Your mind is acute. (Int +2)
You occasionally shout uncontrollably at your foes.
You are occasionally teleported next to monsters.
Your spells are harder to cast, but more powerful.


Message History

You block the Executioner's attack. Ticyijuh hits you!
You feel very mighty all of a sudden. You block the Executioner's attack.
The Executioner hits you but does no damage. x2
You block the Executioner's attack. The Executioner hits you.
The Executioner hits you but does no damage.
The tormentor calls on the powers of darkness!
Your body is wracked with pain!
* * * LOW HITPOINT WARNING * * *
The ice beast convulses! x2
Ticyijuh gestures at you. The crystal spear hits you!
* * * LOW HITPOINT WARNING * * *
The shadow demon gestures.
You block the Ice Fiend's attack. The Ice Fiend completely misses you.
The Executioner hits you but does no damage.
The Executioner misses you.
The Executioner hits you but does no damage.
Ticyijuh hits you!!
You die...

*▓▓▓▓▓▓▓▓▓▓
▓...b.....▓ *
▓▓......2..▓▓▓▓▓▓
,.......Yb.......▓
* .....462X1b.....▓
, 2...b1.b2&@.....▓
2.....Y222b1....▓
*>
.2....82X......∩▓
2...b3.4bb......▓
,,.....b.4........▓
* ................▓
,................▓
**
▓▓.........▓▓▓▓▓▓
▓.........▓


You could see Ticyijuh, a Tzitzimitl, an Ice Fiend, a cacodemon, a gelid
warmonger, a balrug, an ice statue, 2 green deaths, an Executioner, a shadow
demon, 2 large abominations, 2 hellwings, a smoke demon, a hellion, a tormentor,
a red devil and 2 ice beasts.

Vanquished Creatures
  An ancient lich (Depths:3)
  3 juggernauts
  Boris (Vaults:5)
  Sojobo (Vaults:5)
  Frederick (Vaults:2)
  A Killer Klown (Zig:4)
  13 caustic shrikes
  8 golden dragons
  6 bone dragons
  2 profane servitors
  An electric golem (Zot:1)
  A hellephant (Zig:9)
  13 tentacled monstrosities
  Asterion (Vaults:2)
  10 liches
  5 titans
  A deep elf master archer (Elf:3)
  4 quicksilver dragons
  3 deep elf blademasters
  A pandemonium lord (Zig:1)
  6 ancient champions
  4 death cobs
  9 tentacled starspawn
  2 thorn hunters
  3 tengu reavers
  5 sphinxes
  6 shadow dragons
  9 storm dragons
  5 draconian monks
  A daeva (Abyss:3)
  6 fire giants
  4 draconian knights
  4 revenants
  12 frost giants
  7 draconian scorchers
  6 deep elf sorcerers
  22 vault wardens
  A cacodemon (Abyss:2)
  2 angels (Abyss:3)
  2 draconian shifters (Zot:2)
  An orc warlord (Vaults:4)
  7 emperor scorpions
  3 curse skulls
  A ghoul (Crypt:3)
  8 ghost moths
  3 iron dragons
  5 spriggan defenders
  5 draconian annihilators
  A draconian stormcaller (Zot:2)
  A reaper (Crypt:2)
  21 ironheart preservers
  13 very ugly things
  20 stone giants
  7 deep elf elementalists
  3 ophanim
  A war gargoyle (Vaults:5)
  7 green draconians
  5 entropy weavers
  2 dire elephants
  2 lorocyprocas
  8 vampire knights
  12 deep elf demonologists
  8 black draconians
  3 spark wasps
  14 deep elf annihilators
  9 purple draconians
  8 yellow draconians
  11 red draconians
  4 merfolk javelineers (Zig:6)
  8 white draconians
  3 eidola
  An ettin (shapeshifter) (Depths:5)
  A merfolk impaler (Zig:7)
  10 fire dragons
  11 ettins
  21 jiangshi
  11 deep elf death magi
  A crystal guardian (Abyss:3)
  20 yaktaur captains
  5 deep elf high priests
  10 great orbs of eyes
  A great orb of eyes (shapeshifter) (Vaults:5)
  2 hell beasts
  17 hydras
  5 rakshasas
  3 shambling mangroves
  A ghost crab (Swamp:4)
  10 ice dragons
  6 centaur warriors
  A spectral fire giant (Crypt:3)
  42 vault guards
  6 death knights
  43 two-headed ogres
  2 merfolk aquamancers (Zig:7)
  11 alligators
  A queen ant (Spider:2)
  35 dancing weapons
  4 spriggan air magi
  19 ogre magi
  5 tengu warriors
  6 deep troll shamans
  6 deep troll earth magi
  4 death yaks (Lair:5)
  3 hell hogs (Abyss:2)
  2 spriggan berserkers (Depths:5)
  2 vampire magi
  A naga sharpshooter (Zig:6)
  14 thrashing horrors
  5 soul eaters
  29 deep elf knights
  Nergalle (Orc:2)
  9 hell knights
  A spectral minotaur (Depths:3)
  11 wretched stars
  2 fire crabs (shapeshifter)
  A sun demon (Depths:2)
  6 shadow wraiths
  A fire crab (Lair:3)
  2 sixfirhies
  6 iron trolls
  41 skeletal warriors
  A storm dragon skeleton (Vaults:2)
  2 cherubim (Abyss:3)
  2 sea snakes (Zig:7)
  2 spriggan druids (Zig:9)
  An unseen horror (Abyss:3)
  A sea snake (shapeshifter) (Depths:5)
  A deep troll (shapeshifter) (Vaults:5)
  An orange crystal statue (Depths:3)
  21 deep trolls
  3 spatial maelstroms
  32 starcursed masses
  9 flayed ghosts
  6 glowing orange brains
  4 wizards
  Pikel (D:5)
  7 swamp dragons
  16 ironbrand convokers
  5 necromancers
  12 phantasmal warriors
  16 orc knights
  An obsidian statue (Depths:2)
  16 deep elf archers
  3 harpies (Vaults:3)
  25 large abominations
  7 lindwurms
  41 wolf spiders
  3 mana vipers (Depths:3)
  10 orc sorcerers
  37 ugly things
  A shadow dragon skeleton (Crypt:1)
  17 orb spiders
  A tengu skeleton (Vaults:2)
  A salamander (shapeshifter) (Vaults:1)
  A salamander (Depths:5)
  11 moths of wrath
  2 manticores
  7 cyclopes
  A faun (Zig:6)
  76 deep elf magi
  A frost giant zombie (Crypt:1)
  5 worldbinders
  2 guardian serpents
  A moth of wrath (shapeshifter) (Depths:5)
  11 elephants
  A water nymph (Zig:7)
  4 black mambas
  A water nymph (shapeshifter) (Vaults:5)
  2 merfolk sirens (Zig:7)
  2 fire giant skeletons (Vaults:2)
  A black mamba (shapeshifter) (Depths:2)
  2 guardian serpents (shapeshifter)
  A torpor snail (Zig:9)
  A centaur zombie (D:15)
  5 smoke demons
  23 vault sentinels
  3 orange demons
  2 rust devils
  2 spiny frogs (shapeshifter)
  17 spiny frogs
  A torpor snail (shapeshifter) (Elf:1)
  2 gargoyles
  2 hellions (Zot:2)
  2 apocalypse crabs
  12 freezing wraiths
  9 demonic crawlers
  10 komodo dragons
  2 hellwings
  5 efreet
  5 rime drakes
  An ice devil (Depths:2)
  39 yaktaurs
  4 tengu conjurers
  4 spectral merfolk (Depths:3)
  5 human skeletons (Vaults:2)
  2 red devils (Lair:6)
  9 ancient zymes
  A harpy zombie (D:14)
  46 jumping spiders
  12 trolls
  A silent spectre (Abyss:3)
  9 meliai
  A polar bear (Lair:3)
  18 hornets
  11 tyrant leeches
  A wind drake (Zig:7)
  5 merfolk
  A hydra skeleton (Crypt:1)
  A raiju (shapeshifter) (Depths:5)
  11 hippogriffs
  6 bog bodies
  A slime creature (shapeshifter) (Depths:5)
  35 slime creatures
  2 dream sheep
  4 raiju
  5 blink frogs (Lair:6)
  46 flying skulls (Crypt:3)
  7 shadows
  4 spriggans
  7 ynoxinuls
  2 ettin skeletons
  3 air elementals
  86 redbacks
  34 tarantellas
  A spriggan (shapeshifter) (Elf:1)
  A tarantella (shapeshifter) (Zig:4)
  12 wraiths
  15 water elementals
  6 wyverns
  4 hogs (D:9)
  A wyvern (shapeshifter) (Vaults:5)
  A human (D:9)
  4 vampires
  34 yaks
  A steam dragon (shapeshifter) (Vaults:5)
  2 fire bats
  2 basilisks (shapeshifter)
  Grum (D:8)
  A wind drake skeleton (Crypt:1)
  3 hungry ghosts
  4 fire elementals
  A human simulacrum (Vaults:2)
  4 basilisks
  6 vampire mosquitoes
  9 chaos spawn
  A neqoxec (Zig:8)
  8 wargs
  A spatial vortex (Abyss:2)
  A yaktaur simulacrum (Vaults:1)
  13 swamp worms
  6 insubstantial wisps
  A hydra simulacrum (Depths:3)
  A water nymph zombie (Crypt:2)
  22 soldier ants (Spider:2)
  10 water moccasins
  A floating eye (Depths:3)
  A gelid demonspawn skeleton (Crypt:2)
  10 hell hounds
  6 porcupines
  Duvessa (D:5)
  2 spectral spriggans (Depths:3)
  12 swamp drakes
  An acid dragon (D:15)
  A deep troll skeleton (Crypt:1)
  41 orc warriors
  4 phantoms
  3 sky beasts
  A hornet zombie (Crypt:2)
  2 spectral trolls (Depths:3)
  5 black bears
  5 necrophages
  4 ice beasts
  An ettin simulacrum (Crypt:3)
  2 eyes of draining (shapeshifter)
  4 eyes of draining
  A fire dragon simulacrum (Crypt:3)
  45 ogres
  A snapping turtle skeleton (Crypt:2)
  4 boggarts (Depths:3)
  44 wolves
  8 centaurs
  2 elf skeletons
  17 crocodiles
  A big kobold (D:9)
  A salamander zombie (Crypt:2)
  14 small abominations
  24 bullfrogs
  6 earth elementals
  Dowan (D:5)
  9 scorpions
  A water moccasin skeleton (D:5)
  4 killer bees (D:7)
  2 spectral nagas (Depths:3)
  2 spectral ogres (Depths:3)
  4 howler monkeys
  11 wights
  3 spectral centaurs (Depths:3)
  5 electric eels
  4 crimson imps
  5 iron imps
  3 jellies
  25 orc priests
  A black bear skeleton (Crypt:1)
  A bullfrog skeleton (D:12)
  3 centaur skeletons
  4 hounds
  A human zombie (Crypt:2)
  8 iguanas
  39 orc wizards
  A lightning spire (Zig:5)
  32 worker ants
  A porcupine skeleton (Crypt:1)
  A hell rat (Zig:9)
  An ogre zombie (Abyss:3)
  A sky beast zombie (Crypt:2)
  A deep dwarf skeleton (Crypt:2)
  A hound skeleton (D:7)
  Robin (D:4)
  15 gnolls
  A howler monkey skeleton (Crypt:2)
  9 adders
  3 shadow imps
  3 ufetubi
  An ooze (D:3)
  An adder zombie (D:7)
  An adder skeleton (D:6)
  3 worms
  3 dart slugs
  3 leopard geckos
  114 orcs
  3 ball pythons
  6 giant cockroaches
  17 goblins
  7 hobgoblins
  15 jackals
  12 kobolds
  4 quokkas
  5 bats
  4 frilled lizards
  A frilled lizard skeleton (Crypt:1)
  A jackal zombie (D:6)
  2 leopard gecko skeletons (D:6)
  A leopard gecko zombie (D:5)
  A quokka skeleton (D:9)
  2 quokka zombies
  7 rats
  7 briar patches
  4 crawling corpses (Elf:3)
  6 fungi
  A lurking horror (Abyss:3)
  6 plants
  10 starspawn tentacles
2727 creatures vanquished.

Vanquished Creatures (collateral kills)
  An orc knight (Orc:1)
  2 ice devils (Lair:6)
  A hell hound (Lair:6)
4 creatures vanquished.

Vanquished Creatures (others)
  A death cob (Zot:3)
  A tentacled starspawn (Abyss:3)
  A draconian knight (Zot:2)
  A deep elf elementalist (Elf:3)
  A very ugly thing (Vaults:5)
  An ettin (Vaults:5)
  A yaktaur captain (Vaults:5)
  An ogre mage (Vaults:5)
  A hell beast (Zig:1)
  A vault guard (Vaults:5)
  A hell hog (Abyss:2)
  A deep elf knight (Elf:2)
  A wretched star (Abyss:3)
  A swamp dragon (Swamp:4)
  An orange crystal statue (Depths:3)
  3 yaktaurs (Vaults:5)
  An efreet (Zot:2)
  A large abomination (Abyss:3)
  A slime creature (Depths:3)
  A neqoxec (Abyss:3)
  A spatial vortex (Abyss:3)
  A warg (Depths:3)
  An orc warrior (Vaults:3)
  A slave (D:5)
  An ogre (Vaults:5)
  4 small abominations (Abyss:3)
  A big kobold (Abyss:3)
  2 orc wizards (Orc:2)
  A killer bee zombie (D:5)
  An adder (D:5)
  A leopard gecko (D:5)
  2 kobolds (Abyss:3)
  4 briar patches
  2 crawling corpses (Elf:3)
  11 fungi
  2 lurking horrors
  40 plants
  14 starspawn tentacles
112 creatures vanquished.

Grand Total: 2843 creatures vanquished

Notes
Turn   | Place    | Note
-------+----------+-------------------------------------------
     0 | D:1      | AverageBear the Deep Dwarf Fighter began the quest for the
                  | Orb.
     0 | D:1      | Reached XP level 1. HP: 20/20 MP: 1/1
   247 | D:1      | Reached XP level 2. HP: 27/27 MP: 2/2
   789 | D:2      | Reached XP level 3. HP: 30/33 MP: 3/3
   805 | D:2      | Noticed a fire elemental
   808 | D:2      | Found a stormy altar of Qazlal.
   817 | D:2      | Noticed a water elemental
   825 | D:2      | Noticed an air elemental
   825 | D:2      | Noticed an earth elemental
   945 | D:2      | Reached XP level 4. HP: 35/40 MP: 4/4
  1000 | D:2      | Found an ornate altar of the Wu Jian Council.
  1069 | D:2      | Reached skill level 5 in Axes
  1256 | D:3      | Reached XP level 5. HP: 25/46 MP: 5/5
  1456 | D:3      | Reached XP level 6. HP: 43/55 MP: 5/5
  1653 | D:2      | Found a blossoming altar of Fedhas.
  1695 | D:4      | Reached skill level 1 in Dodging
  1767 | D:4      | Noticed Robin
  1784 | D:4      | Killed Robin
  1930 | D:4      | Reached XP level 7. HP: 53/61 MP: 6/6
  2276 | D:5      | Entered Level 5 of the Dungeon
  2285 | D:5      | Reached skill level 5 in Dodging
  2291 | D:5      | Noticed Pikel
  2307 | D:5      | Killed Pikel
  2307 | D:5      | Reached XP level 8. HP: 56/68 MP: 6/6
  2317 | D:5      | Noticed Duvessa
  2317 | D:5      | Noticed Dowan
  2331 | D:5      | Killed Duvessa
  2358 | D:5      | Killed Dowan
  2633 | D:5      | Reached skill level 5 in Armour
  3247 | D:6      | Found Vizuvod's Antique Armour Boutique.
  3252 | D:6      | Bought a pair of glowing gloves for 217 gold pieces
  3472 | D:6      | Found a blossoming altar of Fedhas.
  3583 | D:6      | Found a staircase to the Ecumenical Temple.
  3596 | Temple   | Entered the Ecumenical Temple
  3825 | Temple   | Became a worshipper of Makhleb the Destroyer
  4261 | D:7      | Gained mutation: You passively map the area around you.
                  | [Deep Dwarf growth]
  4261 | D:7      | Reached XP level 9. HP: 31/74 MP: 6/6
  4346 | D:7      | Identified the ring "Afoucosk" {Fire MR- MP+9 Dex+4 SInv}
  4418 | D:7      | Found Kuebleepn's Antique Armour Boutique.
  4617 | D:7      | Found an opulent altar of Gozag.
  5063 | D:8      | Noticed a two-headed ogre
  5244 | D:8      | Noticed Grum
  5258 | D:8      | Gained mutation: Your spells are a little harder to cast,
                  | but a little more powerful. [potion of mutation]
  5258 | D:8      | Gained mutation: You expend magic power (3 MP) to
                  | strengthen your wands. [potion of mutation]
  5258 | D:8      | Gained mutation: You are partially covered in large bone
                  | plates. (SH +4) [potion of mutation]
  5260 | D:8      | Reached skill level 10 in Axes
  5261 | D:8      | Identified the +4 double sword of Wu Jian's Whim {venom,
                  | Int+4}
  5272 | D:8      | Killed Grum
  5288 | D:8      | Got a bone hand axe
  5289 | D:8      | Identified the +2 hand axe "Worm" {pain, rElec MP+9 Str+4}
                  | (You found it on level 8 of the Dungeon)
  5366 | D:8      | Reached * piety under Makhleb
  5450 | D:8      | a two-headed ogre changed into a dream sheep
  5807 | D:9      | Reached XP level 10. HP: 28/81 MP: 7/7
  5831 | D:9      | Found a hide-covered altar of Uskayaw.
  5945 | D:9      | Found a sacrificial altar of Ru.
  6320 | D:9      | Reached skill level 10 in Armour
  6504 | D:7      | Bought a runed helmet for 180 gold pieces
  6797 | D:10     | Entered Level 10 of the Dungeon
  6850 | D:10     | Reached ** piety under Makhleb
  7029 | D:10     | Noticed a lindwurm
  7029 | D:10     | Noticed a lindwurm
  7032 | D:10     | Noticed a lindwurm
  7032 | D:10     | Noticed a lindwurm
  7138 | D:10     | Found a staircase to the Lair.
  7443 | D:10     | Reached XP level 11. HP: 56/88 MP: 7/7
  7456 | Lair:1   | Entered Level 1 of the Lair of Beasts
  8663 | Lair:2   | Reached *** piety under Makhleb
  8692 | Lair:2   | Reached skill level 15 in Axes
  9262 | Lair:2   | Found a staircase to the Swamp.
  9537 | Lair:3   | Reached **** piety under Makhleb
  9537 | Lair:3   | Reached XP level 12. HP: 69/96 MP: 7/7
  9719 | Lair:3   | Found a hole to the Spider Nest.
  9933 | Lair:3   | Noticed a seven-headed hydra
  9938 | Lair:3   | Killed a seven-headed hydra
 10115 | Lair:3   | Found the +3 pair of gauntlets of War {Slay+5}
 10569 | Lair:4   | Noticed a four-headed hydra
 10579 | Lair:4   | Killed a six-headed hydra
 10605 | Lair:4   | Reached skill level 10 in Dodging
 11231 | Lair:5   | Noticed a death yak
 11242 | Lair:5   | Noticed a death yak
 11242 | Lair:5   | Noticed a death yak
 11245 | Lair:5   | Noticed a death yak
 11255 | Lair:5   | Killed a death yak
 11277 | Lair:5   | Killed a death yak
 11281 | Lair:5   | Killed a death yak
 11281 | Lair:5   | Reached skill level 5 in Fighting
 11283 | Lair:5   | Killed a death yak
 11373 | Lair:5   | Reached XP level 13. HP: 70/112 MP: 5/5
 11583 | Lair:5   | Got a spiked buckler
 11607 | Lair:5   | Identified the cursed +0 buckler of the Sneaky Allies {rC+
                  | MR++} (You found it on level 5 of the Lair of Beasts)
 11937 | Lair:5   | Found a viscous altar of Jiyva.
 11938 | Lair:5   | Found a staircase to the Slime Pits.
 12171 | Lair:6   | Entered Level 6 of the Lair of Beasts
 12416 | Lair:6   | Reached ***** piety under Makhleb
 12856 | Lair:6   | Reached skill level 1 in Evocations
 13252 | Lair:6   | Found a burning altar of Makhleb.
 13268 | Lair:6   | Reached skill level 5 in Evocations
 13303 | Lair:6   | Found a gateway to Hell.
 13744 | Lair:5   | Got a bloodstained chain mail
 13756 | Lair:5   | Identified the cursed +0 chain mail of Los Sit {MR+ rCorr}
                  | (You found it on level 5 of the Lair of Beasts)
 14298 | D:11     | Found a staircase to the Orcish Mines.
 14303 | D:11     | Gained mutation: You resist negative energy. (rN+) [Deep
                  | Dwarf growth]
 14303 | D:11     | Reached XP level 14. HP: 121/121 MP: 10/10
 14351 | D:11     | Reached skill level 1 in Stealth
 14690 | Orc:1    | Entered Level 1 of the Orcish Mines
 15050 | Orc:1    | Reached ****** piety under Makhleb
 15052 | Orc:1    | Reached skill level 10 in Evocations
 15274 | Orc:2    | Entered Level 2 of the Orcish Mines
 15274 | Orc:2    | Found an iron altar of Okawaru.
 15274 | Orc:2    | Found a roughly hewn altar of Beogh.
 15600 | Orc:2    | Reached skill level 1 in Spellcasting
 15661 | Orc:2    | Found Sujama's Magic Scroll Shop.
 15739 | Orc:2    | Found a staircase to the Elven Halls.
 15898 | Orc:2    | Found Deseo's Antique Weapon Shoppe.
 15903 | Orc:2    | Bought a runed war axe for 162 gold pieces
 15944 | Orc:2    | Found an ancient bone altar of Kikubaaqudgha.
 15945 | Orc:2    | Noticed Nergalle
 15963 | Orc:2    | Killed Nergalle
 15964 | Orc:2    | Found Gutied's Magic Scroll Emporium.
 15995 | Orc:2    | Found a radiant altar of Vehumet.
 16059 | Orc:2    | Found a roughly hewn altar of Beogh.
 16059 | Orc:2    | Found Fukh's Antique Weapon Shoppe.
 16103 | Orc:2    | Found Witriz's Book Shoppe.
 16453 | Elf:1    | Entered Level 1 of the Elven Halls
 16497 | Elf:1    | Reached skill level 5 in Spellcasting
 16634 | D:12     | Found a hazy altar of Hepliaklqana.
 17063 | D:12     | Found Qithoysk's Weapon Emporium.
 17145 | D:12     | Found a snail-covered altar of Cheibriados.
 17980 | D:13     | Found Uceweodoe's Antique Weapon Emporium.
 18343 | D:14     | Reached XP level 15. HP: 127/127 MP: 12/12
 18377 | D:14     | Found a gate to the Vaults.
 18761 | D:14     | Identified Qecut's Theurgy Continued
 18789 | D:15     | Entered Level 15 of the Dungeon
 18919 | D:15     | Found a staircase to the Depths.
 19408 | D:15     | Found an opulent altar of Gozag.
 19975 | Elf:1    | Reached skill level 15 in Armour
 20144 | Elf:1    | Noticed an Ice Fiend
 20245 | Elf:1    | Found Cafuegha's Weapon Boutique.
 20245 | Elf:1    | Found Afreidyura's Distillery.
 20249 | Elf:1    | Found Sionan's General Store.
 20266 | Elf:1    | Bought a scroll of enchant armour for 127 gold pieces
 20266 | Elf:1    | Bought a +1 pair of boots of flying for 280 gold pieces
 20325 | Elf:1    | Bought a potion of mutation for 88 gold pieces
 20591 | Elf:1    | Reached XP level 16. HP: 131/135 MP: 13/13
 20644 | Elf:1    | Identified the Catalogue of Creation
 20778 | Elf:1    | Learned a level 3 spell: Confuse
 20820 | Elf:1    | Noticed a Tzitzimitl
 21265 | Elf:2    | Found a runed gate.
 21275 | Elf:2    | Found a runed gate.
 21457 | Elf:2    | Found a runed gate.
 22511 | Elf:2    | Noticed a deep elf blademaster
 22542 | Elf:2    | Killed a deep elf blademaster
 22741 | Elf:2    | Cast into level 3 of the Abyss (+2 executioner's axe of
                  | distortion)
 22741 | Abyss:3  | Found a corrupted altar of Lugonu.
 22755 | Abyss:3  | Identified the +1 robe of Zin's Whim {*Corrode MR+ SInv
                  | Stlth+} (You found it on level 3 of the Abyss)
 22824 | Abyss:3  | Found a corrupted altar of Lugonu.
 22969 | Abyss:3  | Noticed a tentacled monstrosity
 22987 | Abyss:3  | Killed a tentacled monstrosity
 22996 | Elf:2    | Escaped the Abyss
 23071 | Elf:3    | Entered Level 3 of the Elven Halls
 23142 | Elf:3    | Reached XP level 17. HP: 141/141 MP: 14/14
 23360 | Elf:3    | Noticed a deep elf blademaster
 23362 | Elf:3    | Noticed a deep elf master archer
 23379 | Elf:3    | Noticed a Brimstone Fiend
 23386 | Elf:3    | Killed a deep elf blademaster
 23387 | Elf:3    | Noticed a Hell Sentinel
 23390 | Elf:3    | Noticed a deep elf master archer
 23391 | Elf:3    | Killed a deep elf master archer
 23575 | Elf:3    | Noticed a deep elf blademaster
 23576 | Elf:3    | Identified the ring of Parr {Wiz rElec}
 24143 | Elf:3    | Reached skill level 15 in Dodging
 24161 | Elf:3    | Identified the cursed ring "Qiso" {-Tele +Fly rPois MP+9
                  | EV-4}
 24163 | Elf:3    | Noticed a Hell Sentinel
 24176 | Elf:3    | Killed a deep elf blademaster
 24182 | Elf:3    | Noticed an Ice Fiend
 24268 | Elf:3    | Identified the ring "Tiena" {Str+4 Dex+5}
 24273 | Elf:3    | Noticed a Brimstone Fiend
 24295 | Elf:3    | Identified the +1 leather armour "Qoar Pax" {rF+ MR+ Str-5
                  | Int+6}
 24315 | Elf:3    | Killed a ghostly deep elf blademaster
 24321 | Elf:3    | Killed a ghostly deep elf master archer
 24446 | Elf:3    | Identified a scroll of acquirement
 24448 | Elf:3    | Identified the +1 scale mail of Lugonu's Condemnation
                  | {+Inv} (You found it on level 3 of the Elven Halls)
 24503 | Elf:3    | Identified the +0 helmet of Follow the Leader {rElec MR+}
                  | (You acquired it on level 3 of the Elven Halls)
 24759 | Elf:3    | Noticed a Tzitzimitl
 24761 | Elf:3    | Noticed a Tzitzimitl
 25130 | Spider:1 | Entered Level 1 of the Spider Nest
 25347 | Spider:1 | Gained mutation: You passively map a large area around you.
                  | [Deep Dwarf growth]
 25347 | Spider:1 | Reached XP level 18. HP: 154/154 MP: 13/13
 26237 | Depths:1 | Entered Level 1 of the Depths
 26237 | Depths:1 | Found a shattered altar of Ashenzari.
 27015 | Depths:2 | Found a gateway to a ziggurat.
 27135 | Depths:2 | Found a transporter.
 27138 | Depths:2 | Noticed a juggernaut
 27138 | Depths:2 | Noticed a caustic shrike
 27232 | Depths:2 | Noticed a lich
 27240 | Depths:2 | Killed a lich
 27370 | Depths:2 | Found a transporter.
 27840 | Depths:3 | Reached XP level 19. HP: 162/162 MP: 14/14
 27934 | Depths:2 | Killed a caustic shrike
 27934 | Depths:2 | Reached skill level 5 in Stealth
 27937 | Depths:2 | Killed a juggernaut
 27957 | Depths:2 | Identified the Catalogue of Creative Clay
 27964 | Depths:2 | Got a coiled garnet amulet
 27967 | Depths:2 | Identified the amulet "Nucil" {Spirit rF+} (You found it on
                  | level 2 of the Depths)
 28348 | Depths:3 | Reached skill level 10 in Stealth
 28514 | Depths:3 | Found a one-way gate to the infinite horrors of the Abyss.
 29087 | Depths:3 | Found a one-way gate leading to the halls of Pandemonium.
 29091 | Depths:3 | Paralysed by a floating eye for 3 turns
 29098 | Depths:3 | Paralysed by a floating eye for 2 turns
 29147 | Depths:3 | Identified the +3 ring mail of Wasted Space {MR+} (You
                  | found it on level 3 of the Depths)
 29248 | Depths:3 | Noticed an ancient lich
 29272 | Depths:3 | Killed an ancient lich
 29309 | Depths:3 | Lost mutation: Your spells are a little harder to cast, but
                  | a little more powerful. [potion of mutation]
 29309 | Depths:3 | Lost mutation: You are partially covered in large bone
                  | plates. (SH +4) [potion of mutation]
 29309 | Depths:3 | Lost mutation: You expend magic power (3 MP) to strengthen
                  | your wands. [potion of mutation]
 29309 | Depths:3 | Gained mutation: Your muscles are strong. (Str +2) [potion
                  | of mutation]
 29309 | Depths:3 | Gained mutation: You occasionally shout uncontrollably at
                  | your foes. [potion of mutation]
 29309 | Depths:3 | Gained mutation: You are resistant to hostile enchantments.
                  | (MR+) [potion of mutation]
 29310 | Depths:3 | Lost mutation: You occasionally shout uncontrollably at
                  | your foes. [potion of mutation]
 29310 | Depths:3 | Lost mutation: Your muscles are strong. (Str +2) [potion of
                  | mutation]
 29310 | Depths:3 | Lost mutation: You are resistant to hostile enchantments.
                  | (MR+) [potion of mutation]
 29310 | Depths:3 | Gained mutation: You tend to lose your temper in combat.
                  | [potion of mutation]
 29310 | Depths:3 | Gained mutation: Your spells are a little easier to cast,
                  | but a little less powerful. [potion of mutation]
 29310 | Depths:3 | Lost mutation: Your spells are a little easier to cast, but
                  | a little less powerful. [potion of mutation]
 29311 | Depths:3 | Lost mutation: You tend to lose your temper in combat.
                  | [potion of mutation]
 29311 | Depths:3 | Gained mutation: You are weak. (Str -2) [potion of
                  | mutation]
 29311 | Depths:3 | Gained mutation: Your body sometimes deteriorates upon
                  | taking damage. [potion of mutation]
 29311 | Depths:3 | Gained mutation: Your spells are a little harder to cast,
                  | but a little more powerful. [potion of mutation]
 29312 | Depths:3 | Lost mutation: You are weak. (Str -2) [potion of mutation]
 29312 | Depths:3 | Lost mutation: Your body sometimes deteriorates upon taking
                  | damage. [potion of mutation]
 29312 | Depths:3 | Gained mutation: You are partially covered in molten
                  | scales. (AC +2) [potion of mutation]
 29312 | Depths:3 | Gained mutation: Your mind is acute. (Int +2) [potion of
                  | mutation]
 29312 | Depths:3 | Gained mutation: Your spells are harder to cast, but more
                  | powerful. [potion of mutation]
 29312 | Depths:3 | Gained mutation: You are partially covered in icy blue
                  | scales. (AC +2) [potion of mutation]
 29465 | Depths:3 | Paralysed by a floating eye for 2 turns
 29754 | Depths:4 | Found a corrupted altar of Lugonu.
 29756 | Depths:4 | Found Jyshromec's Food Shop.
 30189 | Depths:4 | Reached XP level 20. HP: 145/169 MP: 15/15
 30237 | Depths:4 | Noticed a caustic shrike
 30261 | Depths:4 | Killed a caustic shrike
 30372 | Depths:4 | Noticed a juggernaut
 30403 | Depths:4 | Killed a juggernaut
 30434 | Depths:4 | Noticed a caustic shrike
 30454 | Depths:4 | Killed a caustic shrike
 30822 | Depths:5 | Entered Level 5 of the Depths
 30822 | Depths:5 | Noticed a caustic shrike
 30822 | Depths:5 | Noticed a caustic shrike
 30822 | Depths:5 | Noticed a caustic shrike
 30822 | Depths:5 | Noticed a caustic shrike
 30822 | Depths:5 | Noticed a caustic shrike
 30842 | Depths:4 | Killed a caustic shrike
 31206 | Depths:5 | Noticed a caustic shrike
 31241 | Depths:5 | Killed a caustic shrike
 31338 | Depths:5 | Found a gate to the Realm of Zot.
 31346 | Depths:5 | Noticed a bone dragon
 31358 | Depths:5 | Noticed a bone dragon
 31386 | Depths:5 | Killed a caustic shrike
 31572 | Depths:5 | Found a runed door.
 31696 | Depths:5 | Reached XP level 21. HP: 176/176 MP: 16/16
 31917 | Depths:5 | Noticed a caustic shrike
 31923 | Depths:5 | Noticed a caustic shrike
 31943 | Depths:5 | Noticed a caustic shrike
 31969 | Depths:5 | Killed a caustic shrike
 32008 | Depths:5 | Killed a caustic shrike
 32012 | Depths:5 | Noticed a golden dragon
 32017 | Depths:5 | Killed a caustic shrike
 32087 | Depths:5 | Killed a golden dragon
 32344 | Depths:5 | Noticed a caustic shrike
 32346 | Depths:5 | Noticed a caustic shrike
 32601 | Swamp:1  | Entered Level 1 of the Swamp
 32618 | Swamp:1  | Found the +0 Maxwell's etheric cage {RegenMP+ *Contam rElec
                  | MP+4}
 32674 | Swamp:1  | Identified the +1 scale mail "Heit" {Int+4} (You found it
                  | on level 1 of the Swamp)
 32876 | Swamp:1  | Found a runed door.
 32904 | Swamp:1  | Noticed Ona Hiyk's ghost (journeyman MiBe)
 33240 | Swamp:2  | Paralysed by a hornet for 3 turns
 34065 | Swamp:3  | Learned a level 5 spell: Borgnjor's Vile Clutch
 34070 | Swamp:3  | Learned a level 4 spell: Leda's Liquefaction
 34833 | Swamp:4  | Entered Level 4 of the Swamp
 35160 | Swamp:4  | Reached skill level 27 in Armour
 35161 | Swamp:4  | Reached skill level 1 in Earth Magic
 35242 | Swamp:4  | Got a decaying rune of Zot
 35284 | Swamp:4  | Reached skill level 5 in Earth Magic
 35729 | Vaults:1 | Entered Level 1 of the Vaults
 36629 | Vaults:1 | Reached skill level 10 in Earth Magic
 36629 | Vaults:1 | Reached XP level 22. HP: 183/183 MP: 17/17
 36923 | Vaults:1 | Found Lyse's General Store.
 36977 | Vaults:1 | Identified the +3 plate armour "Ippin" {rF- Regen+ MP+9}
                  | (You found it on level 1 of the Vaults)
 37554 | Vaults:2 | Noticed Frederick
 37554 | Vaults:2 | Noticed Asterion
 37575 | Vaults:2 | Killed Frederick
 37588 | Vaults:2 | Killed Asterion
 38037 | Vaults:2 | Gained mutation: You are occasionally teleported next to
                  | monsters. [a neqoxec]
 38039 | Vaults:2 | Reached skill level 15 in Earth Magic
 38511 | Vaults:2 | Found a staircase to the Crypt.
 39416 | Vaults:3 | Found Meocoar's General Store.
 39714 | Vaults:4 | Reached XP level 23. HP: 190/190 MP: 16/16
 40342 | Vaults:4 | Found Recugibb's Antique Weapon Shop.
 41374 | Depths:5 | Killed a caustic shrike
 41404 | Depths:5 | Killed a caustic shrike
 41435 | Depths:5 | Killed a caustic shrike
 41533 | Depths:5 | Killed a caustic shrike
 43868 | Spider:4 | Entered Level 4 of the Spider Nest
 44207 | Spider:4 | Reached XP level 24. HP: 198/199 MP: 1/16
 44261 | Spider:4 | Got a gossamer rune of Zot
 45262 | Crypt:1  | Entered Level 1 of the Crypt
 45431 | Crypt:1  | Found an ancient bone altar of Kikubaaqudgha.
 46119 | Crypt:2  | Found a huge runed gate.
 46120 | Crypt:2  | Found a huge runed gate.
 46120 | Crypt:2  | Found a huge runed gate.
 46120 | Crypt:2  | Found a huge runed gate.
 46121 | Crypt:2  | Found a huge runed gate.
 46121 | Crypt:2  | Found a huge runed gate.
 46122 | Crypt:2  | Found a huge runed gate.
 46122 | Crypt:2  | Found a huge runed gate.
 46123 | Crypt:2  | Found a huge runed gate.
 46218 | Crypt:2  | Identified the +2 chain mail of the Blessed Realm {*Drain
                  | *Slow rN+++} (You found it on level 2 of the Crypt)
 46921 | Crypt:3  | Entered Level 3 of the Crypt
 47007 | Crypt:3  | Identified the +5 ring mail "Vohoud" {*Contam rElec rF++
                  | Int+2} (You found it on level 3 of the Crypt)
 47219 | Crypt:3  | Reached skill level 10 in Fighting
 47332 | Crypt:3  | Found an ancient bone altar of Kikubaaqudgha.
 47854 | Crypt:3  | Found a staircase to the Tomb.
 47922 | Crypt:3  | Identified the cursed +1 long sword of the Aged Friends
                  | {speed, Dex+4} (You found it on level 3 of the Crypt)
 48669 | Depths:4 | Voluntarily entered the Abyss.
 48874 | Abyss:1  | Reached XP level 25. HP: 225/225 MP: 15/15
 49012 | Abyss:1  | Found a corrupted altar of Lugonu.
 49512 | Abyss:2  | Identified the cursed +1 scale mail of Panentheism {+Fly
                  | rElec} (You found it on level 2 of the Abyss)
 49541 | Abyss:2  | Paralysed by accursed screaming for 1 turns
 49697 | Abyss:3  | Found a hazy altar of Hepliaklqana.
 49705 | Abyss:3  | Found a corrupted altar of Lugonu.
 49960 | Abyss:3  | Found a glowing golden altar of the Shining One.
 49991 | Abyss:3  | Noticed a juggernaut
 50015 | Abyss:3  | Killed a juggernaut
 50043 | Abyss:3  | Got an abyssal rune of Zot
 50770 | Abyss:3  | Paralysed by accursed screaming for 2 turns
 50777 | Abyss:3  | Paralysed by accursed screaming for 2 turns
 50786 | Abyss:3  | Paralysed by accursed screaming for 2 turns
 50799 | Abyss:3  | Found a corrupted altar of Lugonu.
 50986 | Depths:4 | Escaped the Abyss
 51021 | Zot:1    | Entered Level 1 of the Realm of Zot
 51373 | Zot:1    | Reached XP level 26. HP: 234/234 MP: 14/14
 52300 | Zot:2    | Reached skill level 27 in Dodging
 52512 | Zot:2    | Reached skill level 5 in Shields
 53652 | Vaults:5 | Entered Level 5 of the Vaults
 53670 | Vaults:5 | Reached skill level 10 in Shields
 53677 | Vaults:5 | Noticed Boris
 53710 | Vaults:5 | Killed Boris
 53725 | Vaults:5 | Gained mutation: You occasionally shout uncontrollably at
                  | your foes. [a shining eye]
 53757 | Vaults:5 | Reached XP level 27. HP: 241/241 MP: 14/14
 53882 | Vaults:5 | Reached skill level 15 in Shields
 53943 | Vaults:5 | Identified the cursed +1 ring mail of Love and Death
                  | {Dex+4} (You found it on level 5 of the Vaults)
 54064 | Vaults:5 | Found Xot Woum's Food Emporium.
 54069 | Vaults:5 | Got a sparkling garnet amulet
 54070 | Vaults:5 | Identified the amulet "Lusegoj" {Harm *Drain MR+} (You
                  | found it on level 5 of the Vaults)
 54093 | Vaults:5 | Identified the Volume of Igneous Unholy Secrets
 54151 | Vaults:5 | Cast into level 3 of the Abyss (vault guard)
 54167 | Vaults:5 | Escaped the Abyss
 54197 | Vaults:5 | Identified the cursed +0 scale mail of Mirth {MR+ MP+9}
                  | (You found it on level 5 of the Vaults)
 54278 | Vaults:5 | Identified Sif Muna's Collected Works on Dark Arts and the
                  | Escort
 54618 | Vaults:5 | Noticed Sojobo
 54629 | Vaults:5 | Killed Sojobo
 54689 | Vaults:5 | Got a silver rune of Zot
 55779 | Zig:1    | Entered Level 1 of a ziggurat
 55779 | Zig:1    | Noticed Budim the pandemonium lord
 55799 | Zig:1    | Killed Budim the pandemonium lord
 55827 | Zig:2    | Entered Level 2 of a ziggurat
 55855 | Zig:3    | Entered Level 3 of a ziggurat
 55919 | Zig:4    | Entered Level 4 of a ziggurat
 55988 | Zig:4    | Got a vibrating platinum amulet
 55993 | Zig:4    | Identified the amulet "Buodust" {Harm *Drain Str+4 Int+5
                  | Stlth+} (You found it on level 4 of a ziggurat)
 55994 | Zig:4    | Identified the ring of Sorihoji {Wiz rF+ rC- Stlth+} (You
                  | found it on level 4 of a ziggurat)
 55999 | Zig:5    | Entered Level 5 of a ziggurat
 56039 | Zig:5    | Identified the cursed +1 leather armour "Lipeucwe" {rF-
                  | Str+2 Dex+3} (You found it on level 5 of a ziggurat)
 56075 | Zig:6    | Entered Level 6 of a ziggurat
 56166 | Zig:7    | Entered Level 7 of a ziggurat
 56265 | Zig:8    | Entered Level 8 of a ziggurat
 56334 | Zig:9    | Entered Level 9 of a ziggurat
 56534 | Zig:9    | Identified the ring "Ystro Doff" {*Contam +Fly Int+4 Dex+7}
                  | (You found it on level 9 of a ziggurat)
 56545 | Zig:9    | Got a brightly glowing tin ring
 56547 | Zig:9    | Identified the ring of Irajegh {rCorr +Fly} (You found it
                  | on level 9 of a ziggurat)
 56553 | Zig:9    | Identified Naos's Reference Book on Venom and the Frostbite
 56565 | Zig:9    | Identified the cursed +1 scale mail of Somewhere Else
                  | {rC++} (You found it on level 9 of a ziggurat)
 56568 | Zig:10   | Entered Level 10 of a ziggurat
 56575 | Zig:10   | Noticed Ticyijuh the pandemonium lord
 56592 | Zig:10   | HP: 10/241 [Ticyijuh the pandemonium lord/crystal spear
                  | (47)]
 56592 | Zig:10   | Mangled by Ticyijuh the pandemonium lord

Vault maps used:
D:1:      minmay_arrival_doors, serial_co_window_serial, co_window_corner_a,
          co_window_paths_b, co_window_cross_1, co_window_paths_a,
          co_window_paths_a, co_window_2corner, co_window_corner_b,
          co_window_broadway_a, co_window_unsneaky_path_a, co_window_cross_2,
          co_window_paths_d, glass_columns_a, glass_columns_a
D:2:      nicolae_overflow_hidden_temple, nicolae_qazlal_style_of_elements
D:4:      first_ration, kennysheep_generic_room_10, uniq_robin
D:5:      uniq_duvessa, uniq_pikel
D:6:      minmay_temple_entry_wispy, serial_park, serial_park_tiny_1,
          serial_park_paths, serial_park_tiny_pond, serial_shops,
          kennysheep_little_box, fedhas_altar_4
D:7:      basic_altar, serial_shops, nicolae_shop_window_shopping
D:8:      uniq_grum
D:9:      kennysheep_mini, grunt_livestock, nicolae_ru_sacrificial_ziggurat
D:10:     minmay_lair_entry_grove, minmay_lindwurm_lava
D:11:     orc_0_dummy
D:12:     basic_altar, serial_shops, shop, cheibriados_altar_1
D:13:     serial_shops, kennysheep_mini_moat
D:14:     erik_vaults_2
D:15:     hangedman_depths_entry_try_elsewhere_first, nicolae_gozag_seed_capital
Temple:   dpeg_five_rooms_temple
Lair:2:   minmay_swamp_entry_swarm, beast_lair_carwin_10, serial_bayou_shore_b
Lair:3:   spider_nest_entry_a, nicolae_quartered_pool_super
Lair:5:   dpeg_slime_entry_enclosed_altar
Lair:6:   evil_forest, serial_bayou_lake_a, serial_bayou_shore_a
Swamp:1:  ebering_ghost_reflecting_pool, evilmike_swamp_ruin_house_5
Swamp:2:  evilmike_swamp_ruin_house_1
Swamp:3:  serial_swamp_ruin, hangedman_swamp_ruin_wall,
          evilmike_swamp_ruin_house_4, swamp_pool5
Swamp:4:  swamp_alternative, infiniplex_staircase_pool
Spider:1: spider_trap
Spider:2: minivault_29, nicolae_spider_cling_halls
Spider:4: grunt_spider_rune_circles, spiders_nest_spider_trap
Orc:2:    kennysheep_orc_mage_school, basic_altar, serial_shops,
          nicolae_shop_crystal, okawaru_metal_pillars_1_2
Elf:1:    minmay_elf_demonology, minmay_shop_star
Elf:3:    grunt_elf_hall_branching, grunt_ministairs_8
Vaults:1: v_alt_pattern_4, nicolae_vaults_network_quinsquares,
          nicolae_vaults_little_squares_2, nicolae_vaults_display_case,
          vaults_dpeg_encased_lava, v_misc_13, ontoclasm_vaults_decontamination,
          serial_shops, shop
Vaults:2: vaults_room_grid, sword_in_stone, hangedman_vaults_stitches,
          nicolae_vaults_theta, nicolae_vaults_inception_statues, v_pattern_5,
          hangedman_vaults_corner_blocks, minmay_crypt_entry_skeletal_spiral,
          v_misc_30, nicolae_vaults_asterisk, hangedman_vaults_stream,
          ontoclasm_vaults_tryst, nicolae_vaults_little_squares_4,
          vaults_room_semicircle
Vaults:3: vaults_dpeg_cross, v_misc_26, vaults_room_glass_cross, v_misc_17,
          v_misc_33, vaults_room_hallway, vaults_standard_mumra_lines,
          vaults_room_fancy_cross, nicolae_vaults_little_ls,
          nicolae_vaults_little_squares_2, vaults_room_corners, serial_shops,
          shop_statue
Vaults:4: ontoclasm_vaults_twist, v_misc_5, vaults_mumra_minichess_inversion,
          hangedman_vaults_snaps, v_misc_15, st_cross, vaults_room_pool,
          nicolae_vaults_yaktaur_gun_rack, vaults_mumra_hexcomb, serial_shops,
          nicolae_shop_behind_doors
Vaults:5: uniq_sojobo, uniq_frederick, uniq_boris
Crypt:1:  lemuel_statue_altar, grunt_crypt_arrival_split
Crypt:2:  cheibrodos_crypt_3hun_7po, corner_web_ring
Crypt:3:  grunt_crypt_end_deaths_head
Depths:1: minmay_misc_feat_chi, hell_entry, dk_noncrumbling_3,
          ashenzari_altar_1, serial_bayou_shore_b, serial_bayou_shore_b,
          grunt_megastairs_3
Depths:2: gammafunk_sealed_arena, enter_ziggurat_b, grunt_mini_vestibule,
          kennysheep_crisscross
Depths:3: lemuel_river_lethe, abyss_entry, pan_entry, hell_entry
Depths:4: minmay_box_of_curves, pf_vacation_house_of_asmodeus, serial_shops,
          shop, abyss_entry, minmay_misc_feat_square, spider_trap,
          tgw_lugonu_bribe
Depths:5: grunt_crosshair, hell_entry, minmay_hidden_floor,
          serial_bayou_shore_b, kennysheep_random_hallway
Zot:1:    grunt_megastairs_2
Zot:2:    hangedman_hellfire_club
Abyss:2:  hangedman_cross_veins
Abyss:3:  nicolae_abyss_rune_star_stuff, lemuel_flamethrower_3,
          evilmike_abyss_exit_7, bh_abyss_exit_grid
Zig:9:    ziggurat_pillar_centre_dead_trees

Skill      XL: |  1  2  3  4  5  6  7  8  9 10 11 12 13 14 15 16 17 18 19 20 21 22 23 24 25 26 27 |
---------------+----------------------------------------------------------------------------------+-----
Axes           | 3 4 5 7 11 13 16 18 | 18.1
Dodging        | 4 7 8 11 13 14 17 21 22 25 27 | 27.0
Armour         | 7 8 10 11 14 17 20 23 25 27 | 27.0
Shields        | 4 13 19 | 19.9
Fighting       | 6 8 13 | 13.1
Evocations     | 8 11 | 11.0
Stealth        | 2 12 | 12.3
Spellcasting   | 6 |  6.1
Earth Magic    | 10 18 | 18.5
Invocations    | 9 |  9.5

Action                   |  1- 3 |  4- 6 |  7- 9 | 10-12 | 13-15 | 16-18 | 19-21 | 22-24 | 25-27 || total
-------------------------+-------+-------+-------+-------+-------+-------+-------+-------+-------++-------
Melee: War axe           |    89 |   203 |   315 |       |   929 |  1663 |  2151 |  2977 |  2026 || 10353
       Hand axe          |       |       |   102 |  1101 |   929 |       |       |       |       ||  2132
 Abil: Heal Wounds       |       |     2 |     7 |     8 |     9 |    18 |     4 |    12 |     4 ||    64
       Stop Flying       |       |       |       |       |       |     1 |       |       |       ||     1
       Evoke Flight      |       |       |       |       |       |       |     1 |       |       ||     1
Evoke: Wand              |       |       |     3 |    12 |    22 |     4 |    21 |       |     7 ||    69
       Phial of floods   |       |       |       |     1 |     3 |       |       |       |       ||     4
       Lamp of fire      |       |       |       |       |     2 |     2 |     2 |     1 |       ||     7
       Lightning rod     |       |       |       |       |       |       |     3 |       |       ||     3
       Box of beasts     |       |       |       |       |       |       |       |     1 |       ||     1
  Use: Scroll            |       |     8 |     6 |     6 |    10 |    22 |    15 |    13 |    31 ||   111
       Potion            |       |     1 |     4 |     2 |     4 |    11 |     9 |     2 |     7 ||    40
 Stab: Invisible         |       |       |       |       |       |     4 |     9 |       |    36 ||    49
       Distracted        |       |       |       |       |       |     1 |     3 |     5 |     7 ||    16
       Sleeping          |       |       |       |       |       |       |    12 |     9 |     1 ||    22
  Eat: Chunk             |       |     4 |    12 |    26 |    31 |    18 |    21 |    29 |    10 ||   151
       Ration            |       |       |       |       |     2 |     2 |     3 |     4 |     7 ||    18
Armor: Scale mail        |    37 |    71 |    59 |       |       |       |       |       |       ||   167
       Chain mail        |       |       |    84 |   316 |   502 |   604 |    18 |       |       ||  1524
       Skin              |       |       |       |    35 |       |       |       |       |       ||    35
       Storm dragon scal |       |       |       |       |       |       |  1058 |  1112 |   544 ||  2714
       Gold dragon scale |       |       |       |       |       |       |       |       |   470 ||   470
Dodge: Dodged            |    28 |    71 |   246 |   514 |   942 |  1131 |  1674 |  2152 |  2306 ||  9064
Block: Shield            |    55 |   119 |    67 |       |       |       |       |       |       ||   241
       Buckler           |       |       |    86 |   457 |   698 |   755 |   658 |   835 |   993 ||  4482
       Reflection        |       |       |       |       |       |       |    16 |    13 |    39 ||    68

Table legend:
 A = Non-vault XP
 B = Vault XP
 C = Vault XP percentage of total XP
 D = Non-vault monster count
 E = Vault monster count
 F = Vault count percentage of total count
                 A         B        C        D         E       F
            +---------+---------+-------+---------+---------+-------
      Total |  962356 |  720989 |  42.8 |    1847 |     869 |  32.0
            +---------+---------+-------+---------+---------+-------
        D:1 |      23 |       0 |   0.0 |      13 |       0 |   0.0
        D:2 |      96 |       0 |   0.0 |      24 |       0 |   0.0
        D:3 |     327 |       0 |   0.0 |      43 |       0 |   0.0
        D:4 |     371 |      31 |   7.7 |      21 |       9 |  30.0
        D:5 |     449 |     883 |  66.3 |      16 |       3 |  15.8
        D:6 |     610 |       0 |   0.0 |      17 |       0 |   0.0
        D:7 |    1055 |       0 |   0.0 |      24 |       0 |   0.0
        D:8 |    1124 |     414 |  26.9 |      19 |       3 |  13.6
        D:9 |    1477 |    1026 |  41.0 |      21 |       5 |  19.2
       D:10 |    1540 |    1546 |  50.1 |      21 |      12 |  36.4
       D:11 |    4229 |       0 |   0.0 |      25 |       0 |   0.0
       D:12 |    3318 |       0 |   0.0 |      29 |       0 |   0.0
       D:13 |    6568 |       0 |   0.0 |      28 |       0 |   0.0
       D:14 |    9232 |    7877 |  46.0 |      49 |       8 |  14.0
       D:15 |    9153 |    2569 |  21.9 |      24 |       3 |  11.1
     Lair:1 |    2139 |       0 |   0.0 |      10 |       0 |   0.0
     Lair:2 |    6270 |    1756 |  21.9 |      38 |      10 |  20.8
     Lair:3 |    6248 |     445 |   6.6 |      27 |       2 |   6.9
     Lair:4 |    3708 |       0 |   0.0 |      13 |       0 |   0.0
     Lair:5 |   12218 |       0 |   0.0 |      33 |       0 |   0.0
     Lair:6 |    8467 |    9210 |  52.1 |      26 |      26 |  50.0
    Swamp:1 |    5538 |       0 |   0.0 |      20 |       0 |   0.0
    Swamp:2 |    9275 |       0 |   0.0 |      16 |       0 |   0.0
    Swamp:3 |    5979 |       0 |   0.0 |      17 |       0 |   0.0
    Swamp:4 |   13672 |   17565 |  56.2 |      23 |      28 |  54.9
   Spider:1 |   27342 |       0 |   0.0 |      76 |       0 |   0.0
   Spider:2 |   13918 |    7883 |  36.2 |      45 |      45 |  50.0
   Spider:3 |   13614 |       0 |   0.0 |      32 |       0 |   0.0
   Spider:4 |   13871 |   31591 |  69.5 |      45 |      49 |  52.1
      Orc:1 |    5616 |       0 |   0.0 |      58 |       0 |   0.0
      Orc:2 |    3660 |    7981 |  68.6 |      36 |      32 |  47.1
      Elf:1 |   31806 |    5123 |  13.9 |      48 |       8 |  14.3
      Elf:2 |   22682 |   24689 |  52.1 |      38 |      30 |  44.1
      Elf:3 |   24410 |   42221 |  63.4 |      38 |      33 |  46.5
   Vaults:1 |   43265 |    6338 |  12.8 |      89 |       9 |   9.2
   Vaults:2 |   30127 |   34904 |  53.7 |      38 |      43 |  53.1
   Vaults:3 |   23400 |   20426 |  46.6 |      39 |      22 |  36.1
   Vaults:4 |   23757 |   28670 |  54.7 |      29 |      31 |  51.7
   Vaults:5 |   56342 |  148957 |  72.6 |      77 |      93 |  54.7
    Crypt:1 |   11260 |       0 |   0.0 |      18 |       0 |   0.0
    Crypt:2 |   28831 |   11555 |  28.6 |      37 |      10 |  21.3
    Crypt:3 |       0 |   78944 | 100.0 |       0 |     121 | 100.0
   Depths:1 |   30641 |    4456 |  12.7 |      36 |       4 |  10.0
   Depths:2 |   27695 |   19974 |  41.9 |      28 |      14 |  33.3
   Depths:3 |     524 |   61206 |  99.2 |       2 |     118 |  98.3
   Depths:4 |   32509 |   37545 |  53.6 |      32 |      15 |  31.9
   Depths:5 |   98196 |   44203 |  31.0 |      78 |      28 |  26.4
      Zot:1 |   56724 |   14030 |  19.8 |      37 |       8 |  17.8
      Zot:2 |   61322 |    4838 |   7.3 |      43 |       7 |  14.0
      Zot:3 |    8821 |       0 |   0.0 |       4 |       0 |   0.0
    Abyss:1 |   26189 |    4356 |  14.3 |      39 |       2 |   4.9
    Abyss:2 |    7542 |   14670 |  66.0 |      15 |      15 |  50.0
    Abyss:3 |   72416 |   23073 |  24.2 |     109 |      22 |  16.8
      Zig:1 |    3045 |       0 |   0.0 |       2 |       0 |   0.0
      Zig:2 |    1981 |       0 |   0.0 |       2 |       0 |   0.0
      Zig:3 |    5252 |       0 |   0.0 |       3 |       0 |   0.0
      Zig:4 |    6183 |       0 |   0.0 |       5 |       0 |   0.0
      Zig:5 |    3440 |      34 |   1.0 |       9 |       1 |  10.0
      Zig:6 |    7404 |       0 |   0.0 |       8 |       0 |   0.0
      Zig:7 |    8071 |       0 |   0.0 |      17 |       0 |   0.0
      Zig:8 |    6172 |       0 |   0.0 |      17 |       0 |   0.0
      Zig:9 |   10310 |       0 |   0.0 |      20 |       0 |   0.0
     Zig:10 |     932 |       0 |   0.0 |       1 |       0 |   0.0
            +---------+---------+-------+---------+---------+-------
